 Dungeon Crawl Stone Soup version 0.31.0-11-ge490571c62 (webtiles) character file.

Game seed: 10946328217810590401

265 qw the Skirmisher (level 5, 0/30 HPs)
             Began as a Deep Elf Hunter on Feb 5, 2024.
             Slain by an orc
             ... wielding a +0 club
              (4 damage)
             ... on level 4 of the Dungeon.
             The game lasted 00:02:35 (2472 turns).

qw the Skirmisher (Deep Elf Hunter)                 Turns: 2472, Time: 00:02:36

Health: 0/30       AC:  7    Str: 10    XL:     5   Next: 99%
Magic:  7/7        EV:  9    Int: 14    God:
Gold:   75         SH:  0    Dex: 18    Spells: 4/4 levels left

rFire   . . .        a - +1 shortbow (flame)
rCold   . . .        (shield currently unavailable)
rNeg    . . .        f - +0 scale mail
rPois   .            (no helmet)
rElec   .            (no cloak)
rCorr   .            b - +0 pair of gloves
SInv    .            (no boots)
Will    .....        i - amulet of regeneration
Stlth   +            (no ring)
HPRegen 1.85/turn    (no ring)
MPRegen 0.10/turn

%: no passive effects
@: about to teleport
A: regeneration 1
a: no special abilities


You were on level 4 of the Dungeon.
You visited 1 branch of the dungeon, and saw 4 of its levels.

You collected 267 gold pieces.
You spent 192 gold pieces at shops.


Innate Abilities, Weirdness & Mutations

Your natural rate of healing is unusually fast.


   Skills:
 - Level 2.1 Fighting
 + Level 9.0 Ranged Weapons
 - Level 1.0 Armour
 - Level 2.4 Dodging
 - Level 1.2 Stealth


You had 4 spell levels left.
You didn't know any spells.
Your spell library was empty.

Inventory:

Hand Weapons
 a - a +1 shortbow of flaming (weapon)
Armour
 b - a +0 pair of gloves (worn)
 c - a +0 ring mail
 f - a +0 scale mail (worn)
 k - a +4 ring mail of fire resistance
 o - a +0 pair of boots
Jewellery
 h - a ring of ice
 i - an amulet of regeneration (around neck)
Scrolls
 d - a scroll of teleportation
Potions
 e - a potion of heal wounds
 g - a potion of curing
 j - 3 potions of mutation
 l - a potion of lignification {unknown}
 m - a potion of brilliance {unknown}
 n - a potion of cancellation {unknown}

Dungeon Overview and Level Annotations

Branches:
Dungeon (4/15)
 Temple: D:4-7

Altars:
Cheibriados
Trog
Vehumet
Xom

Shops:
D:4 !


Message History

A gnoll comes into view. It is wielding a +0 halberd.
You shoot an arrow.
The arrow closely misses the orc wizard.
The arrow barely misses the orc.
The gnoll shouts!
You hear a shout!
The orc wizard casts a spell at you. The puff of flame hits you!
You shoot an arrow. The arrow hits the orc wizard.
The arrow burns the orc wizard.
The orc wizard is severely wounded.
A gnoll comes into view.
It is wielding a +0 halberd of distortion.
The orc wizard hits you with a +0 dagger.
The orc hits you but does no damage. x2; The orc hits you with a +0 club.
The orc wizard hits you but does no damage.
You shoot an arrow. The arrow hits the orc wizard.
The arrow burns the orc wizard.
You kill the orc wizard!
The orc barely misses you. The orc hits you with a +0 club.
Your Fighting skill increases to level 2!
You shoot an arrow. The arrow hits the orc!
The arrow burns the orc.
You kill the orc!
The orc hits you but does no damage.
You shoot an arrow. The arrow barely misses the orc.
The orc hits you with a +0 club. The gnoll hits you but does no damage.
You shoot an arrow. The arrow hits the orc.
The arrow burns the orc.
The orc is heavily wounded.
The orc hits you with a +0 club.
The gnoll hits you from afar with a +0 halberd!
You shoot an arrow. The arrow hits the orc.
The arrow burns the orc.
The orc is severely wounded.
The gnoll barely misses you. The orc hits you but does no damage.
The gnoll closely misses you. x2; The orc hits you with a +0 club.
The gnoll hits you from afar with a +0 halberd of distortion.
Space warps around you.
2472 ||| READING 2 scrolls of teleportation.
As you read the scroll of teleportation, it crumbles to dust.
You feel strangely unstable. The orc hits you with a +0 club.
You die...

...............<..####....#......
#.......[.......#.........#......
#...............###...##.........
.................##.......~~~....
.....##..........##.......~\.....
..#.## ........##..##...~~~....
..# ....##.......##......... ..#
>....##....###.........# ..
#..@.....#..........
##o))........##..).. #.gg........
##.... ......###.... ##...
$.....:# #... .......# ...
....##... ..... ...#


You could see 2 gnolls and an orc.

Vanquished Creatures
  A bombardier beetle (D:3)
  An orc priest (D:4)
  An orc wizard (D:4)
  6 adders
  5 dart slugs
  3 ribbon worms
  10 orcs
  10 endoplasms
  5 giant cockroaches
  9 goblins
  7 hobgoblins
  6 jackals (D:1)
  2 kobolds
  5 quokkas
  7 ball pythons
  5 bats
  5 frilled lizards
  7 rats
95 creatures vanquished.

Notes
Turn   | Place    | Note
-------+----------+-------------------------------------------
     0 | D:1      | qw the Deep Elf Hunter began the quest for the Orb.
     0 | D:1      | Reached XP level 1. HP: 12/12 MP: 3/3
     0 | D:1      | 0 ||| qw: Version: 0.3-a-160-g6735b56
     0 | D:1      | 0 ||| qw: Game counter: 6335
     0 | D:1      | 0 ||| qw: Melee chars always use a shield: true
     0 | D:1      | 0 ||| qw: God list: Okawaru
     0 | D:1      | 0 ||| qw: Allow faded altars: false
     0 | D:1      | 0 ||| qw: Do Orc after clearing Dungeon:15 true
     0 | D:1      | 0 ||| qw: Do second Lair branch before Depths: true
     0 | D:1      | 0 ||| qw: Lair rune preference: random
     0 | D:1      | 0 ||| qw: Goals: Normal
     0 | D:1      | 0 ||| PLANNING D:1-11
   126 | D:1      | Reached XP level 2. HP: 16/16 MP: 4/4
   161 | D:1      | Reached skill level 6 in Ranged Weapons
   192 | D:1      | Found a faded altar of an unknown god.
   406 | D:1      | Reached XP level 3. HP: 16/20 MP: 5/5
   411 | D:1      | HP: 5/20 [goblin/+0 club (4)]
   740 | D:1      | 740 ||| READING 2 scrolls labelled LOEFES WUZXOPSI.
   745 | D:1      | 745 ||| READING scroll labelled GACREI IBEEPT.
   745 | D:1      | 745 ||| IDENTIFYING scroll labelled MEPNILU QEODD
   746 | D:1      | 746 ||| READING scroll of brand weapon.
   746 | D:1      | 746 ||| BRANDING +0 shortbow.
   747 | D:1      | 747 ||| READING scroll labelled QUAROA ARID.
   748 | D:1      | 748 ||| DROPPING scroll of butterflies.
   841 | D:2      | Reached skill level 7 in Ranged Weapons
   936 | D:2      | 936 ||| FLEEEEING.
  1095 | D:2      | 1095 ||| READING scroll of brand weapon.
  1095 | D:2      | 1095 ||| BRANDING +0 shortbow of freezing.
  1102 | D:2      | Reached XP level 4. HP: 25/25 MP: 6/6
  1228 | D:2      | 1228 ||| UPGRADING to +0 pair of gloves.
  1233 | D:2      | 1233 ||| UPGRADING to amulet of regeneration.
  1238 | D:2      | 1238 ||| READING scroll of identify.
  1238 | D:2      | 1238 ||| IDENTIFYING bubbling cyan potion
  1239 | D:2      | 1239 ||| READING scroll labelled GIEMIU HO TEI.
  1239 | D:2      | 1239 ||| ENCHANTING +0 shortbow of flaming.
  1369 | D:2      | Found a shimmering altar of Xom.
  1564 | D:2      | 1564 ||| UPGRADING to +0 scale mail.
  1574 | D:2      | 1574 ||| DROPPING +0 leather armour.
  1575 | D:2      | 1575 ||| READING scroll of identify.
  1575 | D:2      | 1575 ||| IDENTIFYING bubbling dark potion
  1576 | D:2      | 1576 ||| DRINKING 2 smoky pink potions.
  1576 | D:2      | Gained mutation: Your natural rate of healing is unusually
                  | fast. [potion of mutation]
  1638 | D:3      | 1638 ||| STAIRDANCE
  1661 | D:3      | Found a snail-covered altar of Cheibriados.
  1886 | D:3      | Reached skill level 8 in Ranged Weapons
  1899 | D:3      | Found a radiant altar of Vehumet.
  1949 | D:3      | Reached XP level 5. HP: 29/29 MP: 7/7
  2192 | D:3      | Found a bloodstained altar of Trog.
  2214 | D:3      | 2214 ||| READING scroll of identify.
  2214 | D:3      | 2214 ||| IDENTIFYING smoky brown potion
  2215 | D:3      | 2215 ||| READING scroll labelled IFELOL BUNWO.
  2216 | D:3      | 2216 ||| READING scroll labelled QETIBUR UZINO.
  2217 | D:3      | 2217 ||| DROPPING potion of attraction.
  2236 | D:4      | 2236 ||| STAIRDANCE
  2266 | D:4      | Found Xoakhloow's Distillery.
  2275 | D:4      | 2275 ||| BUYING 2 potions of mutation (192 gold).
  2275 | D:4      | Bought 2 potions of mutation for 192 gold pieces
  2275 | D:4      | 2275 ||| SHOPLISTING potion of might (48 gold, have 47).
  2275 | D:4      | 2275 ||| SHOPLISTING potion of resistance (120 gold, have
                  | 47).
  2295 | D:4      | Reached skill level 9 in Ranged Weapons
  2300 | D:4      | Reached skill level 1 in Armour
  2471 | D:4      | HP: 3/30 [gnoll/+0 halberd of distortion (6)]
  2472 | D:4      | 2472 ||| READING 2 scrolls of teleportation.
  2472 | D:4      | Slain by an orc

Levels and vault maps discovered:
D:1:      dpeg_arrival_arbitrary_c, layout_loops_ring,
          shapermc_ecumenical_altar_pompeii, minmay_misc_feat_tower, hex_medium
D:2:      kb_forest_paths, layout_loops_ring, basic_altar, minmay_quadrilaterals
D:3:      layout_basic, nicolae_vehumet_altar_sigil, trog_butcher_becter,
          mainiacjoe_overflow_concentric_impassable, kennysheep_generic_room_5
D:4:      layout_cave_pools, zin_purify, serial_shops,
          nicolae_shop_tiny_waterfront, grunt_ministairs_7

Skill      XL: |  1  2  3  4  5 |
---------------+----------------+-----
Ranged Weapons | 6 7 8 9 |  9.0
Armour         | 1 |  1.0
Fighting       | 2 |  2.1
Dodging        | |  2.4
Stealth        | |  1.2

Action                     |  1- 3 |  4- 6 || total
---------------------------+-------+-------++-------
   Fire: Shortbow          |   110 |   150 ||   260
    Use: Scroll            |     5 |     7 ||    12
         Potion            |       |     1 ||     1
 Armour: Leather armour    |    23 |     1 ||    24
         Scale mail        |       |    55 ||    55
  Dodge: Dodged            |    31 |    25 ||    56

Table legend:
 A = Non-vault XP
 B = Vault XP
 C = Vault XP percentage of total XP
 D = Non-vault monster count
 E = Vault monster count
 F = Vault count percentage of total count
                 A         B        C        D         E       F
            +---------+---------+-------+---------+---------+-------
      Total |     291 |      88 |  23.2 |      79 |      16 |  16.8
            +---------+---------+-------+---------+---------+-------
        D:1 |      60 |       0 |   0.0 |      33 |       0 |   0.0
        D:2 |      23 |      30 |  56.6 |      12 |       9 |  42.9
        D:3 |      90 |      56 |  38.4 |      17 |       6 |  26.1
        D:4 |     118 |       2 |   1.7 |      17 |       1 |   5.6
            +---------+---------+-------+---------+---------+-------
